 Dungeon Crawl Stone Soup version 0.22-a0-284-g99d1f74 (webtiles) character file.

392 ohad the Ruffian (level 6, -1/55 HPs)
             Began as a Troll Transmuter on Mar 20, 2018.
             Succumbed to Sigmund's poison
             ... on level 2 of the Dungeon.
             The game lasted 00:03:48 (1495 turns).

ohad the Ruffian (Troll Transmuter)                 Turns: 1495, Time: 00:03:49

Health: -1/55      AC: 10    Str: 19    XL:     6   Next: 50%
Magic:  7/7        EV: 10    Int: 14    God:
Gold:   99         SH:  0    Dex: 12    Spells: 4/7 levels left

rFire    . . .     SeeInvis .     - Unarmed
rCold    . . .     Gourm    +   (no shield)
rNeg     . . .     Faith    .   b - +0 robe
rPois    .         Spirit   .   (helmet restricted)
rElec    .         Reflect  .   (no cloak)
rCorr    .         Harm     .   (gloves unavailable)
MR       .....                  (boots unavailable)
Stlth    +.........             (no amulet)
HPRegen  0.58/turn              m - +5 ring of protection
MPRegen  0.10/turn              (no ring)

@: brilliant, lethally poisoned (-1 -> -37)
A: large, unfitting armour, claws 3, fast metabolism 3, gourmand, regeneration
1, shaggy fur 1, tough skin 2
a: no special abilities


You were on level 2 of the Dungeon.
You were completely stuffed.

You visited 1 branch of the dungeon, and saw 2 of its levels.

You collected 99 gold pieces.

Inventory:

Hand Weapons
 h - a cursed +0 dagger
Missiles
 a - 12 arrows
 r - 2 throwing nets (quivered)
 u - 11 poisoned needles
Armour
 b - a +0 robe (worn)
Jewellery
 m - a +5 ring of protection (left claw)
Scrolls
 e - a scroll of blinking {unknown}
 f - a scroll of immolation {unknown}
 g - a scroll of amnesia {unknown}
 i - 2 scrolls of magic mapping {unknown}
 k - a scroll of identify {unknown}
 l - a scroll of fog {unknown}
 n - a scroll of remove curse {unknown}
 p - 2 scrolls of teleportation {unknown}
 t - a scroll of noise {unknown}
Potions
 c - a potion of resistance {unknown}
 j - a potion of brilliance
 o - a potion of cancellation {unknown}
 s - a potion of flight {unknown}
 v - a potion of ambrosia {unknown}
Comestibles
 d - 4 rations
 q - a chunk of flesh


   Skills:
 - Level 1.1 Fighting
 - Level 2.5 Dodging
 + Level 6.6 Unarmed Combat
 - Level 1.4 Spellcasting
 - Level 1.7 Transmutations


You had 4 spell levels left.
You knew the following spells:

 Your Spells              Type           Power        Failure   Level  Hunger
a - Beastly Appendage     Tmut           ##....       1%          1    ##.....
b - Sticks to Snakes      Tmut           ##......     2%          2    ###....


Dungeon Overview and Level Annotations

Branches:
Dungeon (2/15)

Altars:


Innate Abilities, Weirdness & Mutations

You are too large for most types of armour.
You have claws for hands.
Your metabolism is lightning-fast.
You like to eat raw meat.
Your natural rate of healing is unusually fast.
You are covered in fur. (AC +1)
You have very tough skin. (AC +2)


Message History

You are more poisoned.
You claw something!
* * * LOW HITPOINT WARNING * * *
You feel very sick. Something hits you.
* * * LOW HITPOINT WARNING * * *
You are more poisoned.
You claw something!
Reactivating autopickup.
Your Unarmed Combat skill increases to level 6!
You have reached level 6!
Your experience leads to an increase in your attributes!
Increase (S)trength, (I)ntelligence, or (D)exterity?
You feel agile.
You feel stronger.
You feel a bit more experienced.
* * * LOW HITPOINT WARNING * * *
You feel very sick.
It was a potion of brilliance.
You feel clever all of a sudden.
You die...

#.....#
#####.#.#.#
..........#
.####.#.#.####
#......$.#
###...##.#
#.#.# # #)#.#
#@#.. #.##.#
## #.# .# .#
#..# .## #....
..+ .....# .##
#....# .#
#....# #
#.#.##


There were no monsters in sight!

Vanquished Creatures
  Sigmund (D:2)
  A phantom (D:2)
  Terence (D:2)
  4 gnolls (D:2)
  2 adders (D:2)
  A worm (D:2)
  A dart slug (D:1)
  2 leopard geckos (D:1)
  An orc (D:2)
  A ball python (D:1)
  8 bats
  2 giant cockroaches
  7 goblins
  6 hobgoblins
  5 jackals (D:1)
  2 kobolds
  A frilled lizard (D:1)
  3 rats (D:1)
49 creatures vanquished.

Notes
Turn   | Place    | Note
-------+----------+-------------------------------------------
     0 | D:1      | ohad the Troll Transmuter began the quest for the Orb.
     0 | D:1      | Reached XP level 1. HP: 18/18 MP: 1/1
   112 | D:1      | Reached XP level 2. HP: 26/26 MP: 2/2
   438 | D:1      | Reached XP level 3. HP: 32/32 MP: 3/3
   709 | D:1      | Reached skill level 4 in Unarmed Combat
   939 | D:2      | Noticed a phantom
   964 | D:2      | Killed a phantom
   964 | D:2      | Reached skill level 1 in Fighting
   964 | D:2      | Reached XP level 4. HP: 6/41 MP: 5/5
   964 | D:2      | Reached XP level 5. HP: 8/48 MP: 6/6
   977 | D:2      | Learned a level 2 spell: Sticks to Snakes
  1119 | D:2      | Noticed Terence
  1126 | D:2      | Killed Terence
  1126 | D:2      | Reached skill level 5 in Unarmed Combat
  1467 | D:2      | Noticed Sigmund
  1494 | D:2      | Killed Sigmund
  1494 | D:2      | Reached skill level 6 in Unarmed Combat
  1494 | D:2      | Reached XP level 6. HP: 6/55 MP: 7/7
  1494 | D:2      | HP: 2/55 [poisoned by Sigmund]
  1495 | D:2      | Succumbed to Sigmund's poison

Vault maps used:
D:1:      noname_arrival_rooms_in_the_neighbourhood
D:2:      serial_glass, glass_columns_a, glass_columns_b,
          minmay_strange_pillars, uniq_terence, uniq_sigmund

Skill      XL: |  1  2  3  4  5 |
---------------+----------------+-----
Unarmed Combat | 4 6 |  6.6
Fighting       | 1 |  1.1
Dodging        | 2 |  2.5
Spellcasting   | |  1.4
Transmutations | |  1.7

Action                   |  1- 3 |  4- 6 || total
-------------------------+-------+-------++-------
Melee: Unarmed           |   120 |    45 ||   165
       Punch             |     1 |     1 ||     2
  Use: Potion            |       |     1 ||     1
  Eat: Chunk             |    14 |     5 ||    19
Armor: Robe              |    66 |    21 ||    87
Dodge: Dodged            |    84 |    20 ||   104

Table legend:
 A = Spawn XP
 B = Non-spawn XP
 C = Spawn XP percentage of total XP
 D = Spawn monster count
 E = Non-spawn monster count
 F = Spawn count percentage of total count
 G = Total turns spent on level
                    A         B        C        D         E        F      G
               +---------+---------+-------+---------+---------+-------+---------
         Total |       0 |     560 |   0.0 |       0 |      49 |   0.0 |  1495
               +---------+---------+-------+---------+---------+-------+---------
           D:1 |       0 |      62 |   0.0 |       0 |      32 |   0.0 |   859
           D:2 |       0 |     498 |   0.0 |       0 |      17 |   0.0 |   636
               +---------+---------+-------+---------+---------+-------+---------
